 Dungeon Crawl Stone Soup version 0.19-a0-753-gae73b43 (console) character file.

49 brucemayne the Chopper (level 3, -2/42 HPs)
             Began as a Vampire Berserker on June 25, 2016.
             Was a Follower of Trog.
             Slain by PhazeDK's ghost (7 damage)
             ... on level 3 of the Dungeon.
             The game lasted 00:01:25 (339 turns).

brucemayne the Chopper (Vampire Berserker)           Turns: 339, Time: 00:01:26

Health: -2/42      AC:  2    Str: 22    XL:     3   Next: 53%
Magic:  3/3        EV: 12    Int:  9    God:    Trog [*.....]
Gold:   0          SH:  0    Dex: 13    Spells: 0 memorised, 2 levels left

rFire  . . .     SeeInvis +     a - +0 hand axe
rCold  . . .     Gourm    .     b - +0 animal skin
rNeg   + . .     Faith    .     (no shield)
rPois  .         Spirit   .     (no helmet)
rElec  .         Dismiss  .     (no cloak)
rCorr  .         Reflect  .     (no gloves)
SustAt .         Harm     .     (no boots)
MR     .....                    (no amulet)
Stlth  ..........               (no ring)
                                d - ring of flight

@: berserking, lethally poisoned (-2 -> -11), very quick, not resistant to
hostile enchantments, extremely unstealthy
A: fangs 3, see invisible, unbreathing
a: Bat Form, Berserk, Burn Spellbooks, Renounce Religion, Evoke Flight


You were on level 3 of the Dungeon.
You worshipped Trog.
Trog was aware of your devotion.
You were not thirsty.

You visited 1 branch of the dungeon, and saw 3 of its levels.

Inventory:

Hand Weapons
 a - a +0 hand axe (weapon)
Armour
 b - a +0 animal skin (worn)
 e - a +1 robe of magic resistance
Jewellery
 d - a ring of flight (left hand)
Scrolls
 f - 2 scrolls of blinking {unknown}
 g - a scroll of enchant armour {unknown}
 i - a scroll of identify {unknown}
Potions
 c - a potion of blood


   Skills:
 - Level 2.6 Fighting
 + Level 4.1 Axes
 - Level 1.5 Armour
 - Level 2.1 Dodging


You had 2 spell levels left.
You didn't know any spells.

Dungeon Overview and Level Annotations

Branches:
Dungeon (3/15)

Altars:
Cheibriados
Trog

Annotations:
D:3 PhazeDK's ghost, amateur HuFi


Innate Abilities, Weirdness & Mutations

You have razor-sharp teeth.
You have supernaturally acute eyesight. (SInv)
You can survive without breathing.


Message History

You barely miss the adder.
Unknown command.
You closely miss the adder. You hit PhazeDK's ghost.
PhazeDK's ghost is lightly damaged.
* * * LOW HITPOINT WARNING * * *
You feel sick. The adder barely misses you.
Unknown command.
You slash the adder!
You kill the adder!
Trog accepts your kill.
You slash PhazeDK's ghost!
PhazeDK's ghost is moderately damaged.
* * * LOW HITPOINT WARNING * * *
You feel sick. PhazeDK's ghost hits you.
* * * LOW HITPOINT WARNING * * *
You slash PhazeDK's ghost!
PhazeDK's ghost is heavily damaged.
* * * LOW HITPOINT WARNING * * *
You feel sick. PhazeDK's ghost hits you!
You die...

.... .... ## #..
.. # ###.# .#
##.####...#..#
..........#..#
.#.#.#.#.$...##
.......@W.##..###
.#.#.#.#(K.......
........K..._.###
.#.#.#.#..#...[..
.................
.#.#.#.#..<..%#.#
.............## .
###.##.##...## #.
.. ##...


You could see PhazeDK's ghost and 2 kobolds.

Vanquished Creatures
  4 adders
  An orc (D:3)
  2 giant cockroaches
  2 hobgoblins (D:2)
  A quokka (D:2)
  A bat (D:2)
  A goblin (D:2)
  3 rats
15 creatures vanquished.

Notes
Turn   | Place    | Note
--------------------------------------------------------------
     0 | D:1      | brucemayne the Vampire Berserker began the quest for the Orb.
     0 | D:1      | Reached XP level 1. HP: 17/17 MP: 1/1
   122 | D:2      | Reached skill level 3 in Axes
   122 | D:2      | Reached XP level 2. HP: 23/23 MP: 2/2
   169 | D:2      | Noticed a moth of wrath
   171 | D:2      | Found a bloodstained altar of Trog.
   199 | D:2      | Found a bloodstained altar of Trog.
   278 | D:3      | Reached XP level 3. HP: 17/28 MP: 3/3
   325 | D:3      | Found a snail-covered altar of Cheibriados.
   329 | D:3      | Reached skill level 4 in Axes
   330 | D:3      | Noticed PhazeDK's ghost (amateur HuFi)
   333 | D:3      | Gained mutation: You are agile. (Dex +2) [potion of mutation]
   333 | D:3      | Lost mutation: You are agile. (Dex +2) [potion of mutation]
   339 | D:3      | Slain by PhazeDK's ghost

Vault maps used:
D:1:      kennysheep_arrival_forest, minmay_misc_feat_square
D:2:      kennysheep_goblin_castle, tgw_trog, trog_three_pillars_becter
D:3:      serial_glass, glass_columns_a, glass_columns_c, glass_columns_a,
          glass_columns_a, glass_columns_a, glass_columns_a, item_on_display_a,
          feat_on_display, first_bread, minmay_tree_intersection,
          cheibriados_altar_1

Skill      XL: |  1  2  3 |
---------------+----------+-----
Axes           | 3 4 |  4.1
Fighting       | |  2.6
Armour         | |  1.5
Dodging        | |  2.1

Action                   || total
-------------------------++-------
Melee: Hand axe          ||    31
       Bite              ||     1
Invok: Berserk           ||     4
  Use: Potion            ||     4
Armor: Animal skin       ||     3
Dodge: Dodged            ||    23
